 Dungeon Crawl Stone Soup version 0.30.0-5-g1a98f26d00 (webtiles) character file.

Game seed: 14379438356822470653

600 zlionsfan the Sneak (level 7, 0/60 HPs)
             Began as a Kobold Hedge Wizard on May 9, 2023.
             Was an Initiate of Qazlal.
             Succumbed to a water moccasin's poison
             ... on level 6 of the Dungeon.
             The game lasted 00:22:00 (5097 turns).

zlionsfan the Sneak (Kobold Hedge Wizard)           Turns: 5097, Time: 00:22:01

Health: 0/60       AC:  6    Str:  8    XL:     7   Next: 69%
Magic:  1/14       EV: 15    Int: 17    God:    Qazlal [......]
Gold:   214        SH:  0    Dex: 14    Spells: 7/15 levels left

rFire   . . .        a - +3 dagger
rCold   . . .        (no shield)
rNeg    . . .        b - +0 robe
rPois   .            c - +0 hat
rElec   .            m - +0 cloak
rCorr   .            g - +0 pair of gloves
SInv    .            A - +1 pair of boots
Will    +....        (no amulet) Stlth
                     s - ring of willpower
HPRegen 0.30/turn    (no ring)
MPRegen 0.14/turn

%: no passive effects
@: berserking, lethally poisoned (0 -> -9), marked, very slightly contaminated,
very quick
A: small, no large weapons, nightstalker 3
a: Renounce Religion


You were on level 6 of the Dungeon.
You worshipped Qazlal.
Qazlal was noncommittal.
You visited 2 branches of the dungeon, and saw 7 of its levels.

You collected 214 gold pieces.

Inventory:

Hand Weapons
 a - a +3 dagger (weapon)
Missiles
 d - 2 boomerangs of dispersal
 l - a throwing net
Armour
 b - a +0 robe (worn)
 c - a +0 hat (worn)
 g - a +0 pair of gloves (worn)
 m - a +0 cloak (worn)
 A - a +1 pair of boots (worn)
Jewellery
 s - a ring of willpower (left hand)
Wands
 p - a wand of flame (16)
 u - a wand of paralysis (12)
Scrolls
 e - 3 scrolls of fog
 i - a scroll of butterflies {unknown}
 j - 5 scrolls of teleportation
 n - a scroll of vulnerability {unknown}
 o - a scroll of acquirement {unknown}
 y - a scroll of noise {unknown}
 z - a scroll of amnesia {unknown}
 B - a scroll of immolation {unknown}
Potions
 f - a potion of berserk rage
 k - a potion of lignification {unknown}
 r - 2 potions of might {unknown}
 t - 2 potions of curing {unknown}
 v - a potion of ambrosia {unknown}
 w - a potion of attraction {unknown}
 x - 2 potions of brilliance


   Skills:
 * Level 2.8 Fighting
 * Level 4.0 Short Blades
 + Level 3.5 Dodging
 + Level 4.9 Stealth
 + Level 4.7 Spellcasting
 * Level 2.8 Conjurations
 + Level 1.1 Hexes
 + Level 1.6 Summonings
 + Level 1.4 Translocations
 + Level 0.5 Ice Magic


You had 7 spell levels left.
You knew the following spells:

 Your Spells              Type           Power      Damage    Failure   Level
a - Magic Dart            Conj           52%        1d5       4%          1
b - Call Imp              Summ           18%        N/A       12%         2
c - Blink                 Tloc           18%        N/A       12%         2
d - Slow                  Hex            32%        N/A       9%          1
e - Ensorcelled Hibernat  Hex/Ice        12%        N/A       16%         2

Your spell library contained the following spells:

 Spells                   Type           Power      Damage    Failure   Level
 Kiss of Death            Conj/Necr      32%        2d7       9%          1
 Momentum Strike          Conj/Tloc      22%        3d8       9%          2
 Lesser Beckoning         Tloc           18%        N/A       12%         2
 Cigotuvi's Dreadful Rot  Necr/Pois/Air  8%         N/A       22%         2
 Passwall                 Tmut/Erth      3%         N/A       22%         2
 Confusing Touch          Hex            8%         N/A       26%         3
 Tukima's Dance           Hex            8%         N/A       26%         3
 Mephitic Cloud           Conj/Pois/Air  7%         N/A       30%         3
 Swiftness                Air            4%         N/A       41%         3
 Passage of Golubria      Tloc           9%         N/A       63%         4
 Dispel Undead            Necr           4%         3d7       82%         4
 Yara's Violent Unravell  Hex/Tmut       3%         3d4       97%         5
 Chain Lightning          Conj/Air       4%         3d5       100%        9
 Fire Storm               Conj/Fire      4%         8d1       100%        9
 Shatter                  Erth           2%         3d6*      100%        9


Dungeon Overview and Level Annotations

Branches:
Dungeon (6/15)             Temple (1/1) D:5

Altars:
Ashenzari
Cheibriados
Dithmenos
Elyvilon
Fedhas
Hepliaklqana
Nemelex Xobeh
Okawaru
Qazlal
Trog
Uskayaw
Wu Jian
Xom

Annotations:
D:2 Natasha
D:3 2 runed translucent doors
D:5 Edmund


Innate Abilities, Weirdness & Mutations

You are small and have problems with some larger weapons.
You are completely attuned to the shadows.


Message History

The water moccasin bites you.
* * * LOW HITPOINT WARNING * * *
Your cerulean imp hits the iguana but does no damage.
It was a potion of berserk rage.
A red film seems to cover your vision as you go berserk!
You feel yourself moving faster!
You feel mighty!
The iguana closely misses your cerulean imp.
The water moccasin closely misses you.
The iguana barely misses your cerulean imp.
Your cerulean imp completely misses the iguana.
You hit the water moccasin.
The water moccasin is lightly wounded.
The water moccasin bites you.
* * * LOW HITPOINT WARNING * * *
You barely miss the water moccasin.
The water moccasin is lightly wounded.
The iguana closely misses your cerulean imp. x2
You barely miss the water moccasin.
The water moccasin is lightly wounded.
The water moccasin bites you.
* * * LOW HITPOINT WARNING * * *
You are lethally poisoned!
The water moccasin poisons you!
Your cerulean imp barely misses the iguana.
The iguana barely misses your cerulean imp.
The iguana misses your cerulean imp.
You puncture the water moccasin!
The water moccasin is heavily wounded.
* * * LOW HITPOINT WARNING * * *
You feel sick. The water moccasin barely misses you.
Your cerulean imp hits the iguana but does no damage.
You closely miss the water moccasin.
The water moccasin is heavily wounded.
* * * LOW HITPOINT WARNING * * *
You feel sick. The iguana bites your cerulean imp!
The iguana misses your cerulean imp.
The water moccasin bites you but does no damage.
You closely miss the water moccasin.
The water moccasin is heavily wounded.
You die...

#.##).# #...
... ###§†.##
..
#.S..†.###
##.###....##
#..# #g.....
#.####ll....
#.. #.5.....
##. ##S.....
#. #.@...##
#.......
.....(...
.##.......
#......


You could see a water moccasin, a gnoll sergeant, 2 iguanas and a friendly
cerulean imp (summoned).

Vanquished Creatures
  An ogre (D:6)
  A centaur (D:4)
  A kobold brigand (D:4)
  A bullfrog (D:6)
  A howler monkey (D:6)
  A hound (D:5)
  Jessica (D:2)
  An iguana (D:6)
  3 adders
  An ufetubus (D:5)
  A worm (D:3)
  2 dart slugs
  3 orcs
  4 ball pythons
  3 bats (D:2)
  3 endoplasms
  5 giant cockroaches
  8 goblins
  6 hobgoblins
  4 jackals (D:3)
  7 kobolds
  2 quokkas
  6 frilled lizards
  6 rats
72 creatures vanquished.

Vanquished Creatures (collateral kills)
  A sleepcap (D:4)
  An orc wizard (D:3)
  2 adders
  An orc (D:3)
  2 hobgoblins (D:1)
7 creatures vanquished.

Grand Total: 79 creatures vanquished

Notes
Turn   | Place    | Note
-------+----------+-------------------------------------------
     0 | D:1      | zlionsfan the Kobold Hedge Wizard began the quest for the
                  | Orb.
     0 | D:1      | Reached XP level 1. HP: 10/10 MP: 4/4
   254 | D:1      | Reached XP level 2. HP: 16/16 MP: 0/6
   257 | D:1      | Learned a level 2 spell: Call Imp
   260 | D:1      | Learned a level 2 spell: Blink
   399 | D:1      | Reached skill level 1 in Short Blades
   603 | D:1      | Reached XP level 3. HP: 20/20 MP: 5/8
  1255 | D:2      | Noticed Jessica
  1258 | D:2      | Killed Jessica
  1259 | D:2      | Reached skill level 1 in Fighting
  1259 | D:2      | Reached XP level 4. HP: 25/25 MP: 10/10
  1435 | D:2      | Noticed Natasha
  2117 | D:3      | Found a large runed translucent door.
  2117 | D:3      | Found a large runed translucent door.
  2279 | D:3      | Reached XP level 5. HP: 29/29 MP: 11/11
  3362 | D:4      | Learned a level 1 spell: Slow
  3365 | D:4      | Learned a level 2 spell: Ensorcelled Hibernation
  3424 | D:4      | Noticed a bullfrog
  3670 | D:4      | Noticed a centaur
  3674 | D:5      | Entered Level 5 of the Dungeon
  3703 | D:5      | Noticed Edmund
  3846 | D:5      | Reached XP level 6. HP: 30/35 MP: 7/12
  3874 | D:5      | Found a stormy altar of Qazlal.
  3874 | D:5      | Noticed a sky beast
  3891 | D:5      | Became a worshipper of Qazlal Stormbringer
  3896 | D:5      | Noticed an ogre
  4257 | D:4      | Found a blossoming altar of Fedhas.
  4486 | D:5      | Found a staircase to the Ecumenical Temple.
  4493 | Temple   | Entered the Ecumenical Temple
  4843 | D:5      | Reached XP level 7. HP: 26/40 MP: 6/13
  5082 | D:6      | Reached skill level 1 in Hexes
  5084 | D:6      | Noticed a water moccasin
  5095 | D:6      | HP: 3/60 [poisoned by a water moccasin]
  5096 | D:6      | HP: 1/60 [poisoned by a water moccasin]
  5097 | D:6      | Succumbed to a water moccasin's poison

Illustrated notes

Levels and vault maps discovered:
D:1:      heliophobic_arrival_ceremonial_halls, layout_basic
D:2:      layout_loops_ring, minivault_19, uniq_natasha, uniq_jessica
D:3:      due_chaos_kobolds, layout_loops_corners, minmay_pentangle
D:4:      layout_gridville, mainiacjoe_overflow_alcove_4,
          minmay_strange_pillars, lexackson_kobold_supper
D:5:      layout_basic, nicolae_qazlal_beasts_of_the_sky, minitemple,
          minmay_temple_entry_offerings, serial_shops, shop, uniq_edmund
D:6:      layout_cave_pools, grunt_temple_overflow_lords_of_destruction,
          mainiacjoe_overflow_alcove_2, roderic_lattice_a, grunt_ministairs_7,
          minivault_1
Temple:   chequers_temple_sunken

Skill      XL: |  1  2  3  4  5  6  7 |
---------------+----------------------+-----
Short Blades   | 1 2 3 4 |  4.0
Stealth        | 3 4 |  4.9
Fighting       | 1 2 |  2.8
Spellcasting   | 4 |  4.7
Conjurations   | 2 |  2.8
Dodging        | 3 |  3.5
Hexes          | 1 |  1.1
Summonings     | |  1.6
Translocations | |  1.4
Ice Magic      | |  0.5

Action                     |  1- 3 |  4- 6 |  7- 9 || total
---------------------------+-------+-------+-------++-------
  Melee: Dagger            |    35 |   134 |    24 ||   193
         Punch             |       |     3 |       ||     3
   Cast: Magic Dart        |    42 |    39 |       ||    81
         Call Imp          |     2 |    11 |     1 ||    14
         Slow              |       |     5 |     1 ||     6
         Blink             |       |     4 |     1 ||     5
         Ensorcelled Hiber |       |     3 |     8 ||    11
    Use: Scroll            |       |     6 |     4 ||    10
         Potion            |       |     1 |     1 ||     2
   Stab: Sleeping          |     2 |    16 |     4 ||    22
 Armour: Robe              |     4 |    32 |     7 ||    43
  Dodge: Dodged            |    34 |   127 |    20 ||   181
